 Dungeon Crawl Stone Soup version 0.31.0-12-g77e489cdc1 (webtiles) character file.

Game seed: 15074790672872609201

725 hawla the Chucker (level 7, 0/76 (88) HPs)
             Began as a Minotaur Fighter on Feb 17, 2024.
             Slain by a wight
             ... wielding a +1 dire flail
              (10 damage)
             ... on level 5 of the Dungeon.
             The game lasted 00:06:39 (3925 turns).

hawla the Chucker (Minotaur Fighter)                Turns: 3925, Time: 00:06:39

HP:   0/76 (88)     AC: 23    Str: 23    XL:     7   Next: 43%
MP:   6/6           EV:  2    Int:  5    God:
Gold: 183           SH:  4    Dex:  7    Spells: 6/6 levels left

rFire   + . .        a - +1 war axe (freeze)
rCold   + . .        c - +0 buckler
rNeg    . . .        p - melded +0 chain mail
rPois   +            (helmet unavailable)
rElec   +            (cloak currently unavailable)
rCorr   +            (gloves currently unavailable)
SInv    .            (boots currently unavailable)
Will    +....        (no amulet)
Stlth   +            t - ring of flight
HPRegen 0.32/turn    (no ring)
MPRegen 0.10/turn

%: no passive effects
@: tree-form, resistant, enlightened, heavily drained
A: stationary, stasis, torment immunity, boosted hp, (horns 3), (retaliatory
headbutt), (talons 1), clumsy 1, deterioration 1
a: no special abilities


You were on level 5 of the Dungeon.
You were a tree.
You visited 1 branch of the dungeon, and saw 5 of its levels.

You collected 183 gold pieces.

Inventory:

Hand Weapons
 a - a +1 war axe of freezing (weapon)
Missiles
 e - 9 poisoned darts (quivered)
 h - 2 throwing nets
Armour
 c - a +0 buckler (worn)
 p - a +0 chain mail (melded)
Jewellery
 t - a ring of flight (left branch)
Wands
 q - a wand of flame (17)
Scrolls
 i - 2 scrolls of fog
 j - 2 scrolls of identify
 s - a scroll of amnesia {unknown}
 u - a scroll of revelation {unknown}
 x - a scroll of blinking {unknown}
Potions
 b - a potion of heal wounds {unknown}
 d - 2 potions of might
 f - a potion of curing
 g - a potion of lignification
 k - a potion of brilliance
 l - 2 potions of enlightenment
 m - a potion of mutation
 v - a potion of invisibility {unknown}
 w - a potion of cancellation {unknown}


   Skills:
 - Level 4.0 Fighting
 - Level 2.4 Axes
 - Level 6.0 Throwing
 - Level 3.6 Armour
 + Level 2.7 Dodging
 - Level 5.0 Shields
 - Level 3.0 Evocations


You had 6 spell levels left.
You didn't know any spells.
Your spell library was empty.

Dungeon Overview and Level Annotations

Branches:
Dungeon (5/15)
 Temple: D:4-7

Altars:
Ashenzari
Ru
Sif Muna
Trog


Innate Abilities, Weirdness & Mutations

You are a tree.
Your roots penetrate the ground, keeping you stationary.
You cannot be teleported.
You are immune to unholy pain and torment.
Your maximum health is greatly increased.
Your equipment is partially melded.
((You have a pair of large horns on your head.))
((You reflexively headbutt those who attack you in melee.))
((You have sharp toenails.))
You are clumsy. (Dex -2)
Your body sometimes deteriorates upon taking damage.


Message History

* * * LOW HITPOINT WARNING * * *
The wight barely misses you.
The wight hits you with a +2 long sword!
* * * LOW HITPOINT WARNING * * *
You turn into a tree.
Your +0 chain mail melds into your body.
Your roots penetrate the ground.
The wight hits you but does no damage. The wight hits you with a +3 hand axe.
* * * LOW HITPOINT WARNING * * *
The wight hits you but does no damage.
You feel better.
The wight hits you but does no damage. x3
As you read the scroll labelled BENINIU NOCUEQ, it crumbles to dust.
It is a scroll of brand weapon.
Your +1 war axe is covered with a thin layer of ice!
a - a +1 war axe of freezing (weapon)
The wight hits you but does no damage. You block the wight's attack.
The wight hits you but does no damage.
You hit the wight.
The wight is moderately damaged.
You hit the wight but do no damage. You closely miss the wight.
The wight hits you with a +2 long sword!
* * * LOW HITPOINT WARNING * * *
You feel drained.
* * * LOW HITPOINT WARNING * * *
The wight hits you but does no damage. x2
You feel better.
The wight hits you but does no damage. x2
The wight hits you with a +3 hand axe.
* * * LOW HITPOINT WARNING * * *
You feel drained.
It was a potion of enlightenment.
Your roots keep you in place.
The wight hits you but does no damage. You block the wight's attack.
The wight hits you but does no damage.
It was a potion of mutation.
You feel extremely strange.
You feel yourself wasting away.
You feel clumsy. The horns on your head grow some more.
Your toenails lengthen and sharpen.
The wight hits you but does no damage. x3
It was a potion of resistance.
You feel protected.
The wight hits you with a +1 dire flail!
You die...

#...##..z....##
...#.!........#
..............##
#...).........#
##....†.......<##
:...............#
#######...†.....##
#.....#.....##.zz#
#.#.#.#...#####z♣##
..#=#....## #...#
#.#.#.#..# ##...#
#.....#..# #(..#
#######.## #.....
......# ........
.#### ..####... .##
..# .. .#


You could see 3 wights.

Vanquished Creatures
  Menkaure (D:4)
  Duvessa (D:4)
  Dowan (D:4)
  2 howler monkeys (D:5)
  2 bombardier beetles
  Jessica (D:2)
  3 iguanas
  4 gnolls (D:4)
  5 adders
  An ufetubus (D:5)
  A ribbon worm (D:3)
  A dart slug (D:1)
  An orc (D:5)
  9 ball pythons
  14 endoplasms
  4 giant cockroaches
  10 hobgoblins
  12 jackals
  9 kobolds
  4 quokkas
  7 bats
  6 frilled lizards
  20 goblins
  3 rats
122 creatures vanquished.

Notes
Turn   | Place    | Note
-------+----------+-------------------------------------------
     0 | D:1      | hawla the Minotaur Fighter began the quest for the Orb.
     0 | D:1      | Reached XP level 1. HP: 19/19 MP: 0/0
   366 | D:1      | Reached XP level 2. HP: 27/27 MP: 1/1
   636 | D:1      | Reached XP level 3. HP: 33/33 MP: 2/2
   684 | D:1      | Reached skill level 5 in Shields
   860 | D:2      | Reached skill level 1 in Throwing
  1134 | D:2      | Reached skill level 2 in Throwing
  1134 | D:2      | Reached XP level 4. HP: 37/40 MP: 3/3
  1296 | D:2      | Noticed Jessica
  1311 | D:2      | Killed Jessica
  1458 | D:2      | Reached skill level 3 in Throwing
  1823 | D:3      | Reached XP level 5. HP: 38/46 MP: 4/4
  2355 | D:3      | Found a faded altar of an unknown god.
  2593 | D:4      | Reached skill level 4 in Throwing
  2638 | D:4      | Noticed Duvessa
  2638 | D:4      | Noticed Dowan
  2645 | D:4      | Killed Duvessa
  2646 | D:4      | Reached skill level 5 in Throwing
  2646 | D:4      | Reached XP level 6. HP: 35/52 MP: 5/5
  2657 | D:4      | Killed Dowan
  2842 | D:4      | Reached skill level 6 in Throwing
  2975 | D:4      | Reached skill level 1 in Evocations
  3228 | D:4      | Noticed Menkaure
  3239 | D:4      | Killed Menkaure
  3240 | D:4      | Reached XP level 7. HP: 18/59 MP: 6/6
  3413 | D:4      | Found a bloodstained altar of Trog.
  3507 | D:4      | Found a sacrificial altar of Ru.
  3579 | D:4      | Found a broken altar of Ashenzari.
  3580 | D:4      | Found a shimmering blue altar of Sif Muna.
  3856 | D:5      | Entered Level 5 of the Dungeon
  3864 | D:5      | Reached skill level 1 in Dodging
  3918 | D:5      | HP: 4/82 [wight/+3 hand axe (4)]
  3924 | D:5      | Gained mutation: Your body sometimes deteriorates upon
                  | taking damage. [potion of mutation]
  3924 | D:5      | Gained mutation: You are clumsy. (Dex -2) [potion of
                  | mutation]
  3924 | D:5      | Gained mutation: You have a pair of large horns on your
                  | head. [potion of mutation]
  3924 | D:5      | Gained mutation: You have sharp toenails. [potion of
                  | mutation]
  3925 | D:5      | Slain by a wight

Illustrated notes

Levels and vault maps discovered:
D:1:      dpeg_arrival_orchard, layout_basic
D:2:      layout_basic, minmay_tetromino_l4, uniq_jessica
D:3:      layout_basic, dreamdust_ecumenical_altar_hidden_monk_grotto,
          minmay_increasing_density
D:4:      layout_basic, nicolae_ru_path_of_blood, mainiacjoe_overflow_brackets,
          gammafunk_temple_overflow_statue, minmay_goblin_outpost,
          uniq_menkaure, uniq_duvessa
D:5:      layout_cave_pods, mainiacjoe_overflow_catch_the_wave,
          mainiacjoe_overflow_swirl, ebering_ghost_sewer_d, minmay_checkerbox,
          uniq_eustachio

Skill      XL: |  1  2  3  4  5  6  7 |
---------------+----------------------+-----
Fighting       | 4 |  4.0
Shields        | 4 5 |  5.0
Throwing       | 2 3 5 6 |  6.0
Evocations     | 2 3 |  3.0
Dodging        | 2 |  2.7
Axes           | |  2.4
Armour         | |  3.6

Action                     |  1- 3 |  4- 6 |  7- 9 || total
---------------------------+-------+-------+-------++-------
  Melee: War axe           |    93 |   146 |    24 ||   263
         Headbutt          |     9 |    18 |     2 ||    29
  Throw: Dart              |       |    11 |       ||    11
  Evoke: Wand              |       |     4 |     1 ||     5
    Use: Scroll            |     1 |     3 |     2 ||     6
         Potion            |       |     1 |     6 ||     7
 Armour: Scale mail        |    73 |    19 |       ||    92
         Chain mail        |       |   101 |    37 ||   138
         Skin              |       |       |    20 ||    20
  Dodge: Dodged            |    61 |    80 |    18 ||   159
  Block: Buckler           |    25 |    34 |    10 ||    69
